 Dungeon Crawl Stone Soup version 0.32-a0-612-g1c984fe9d1 (webtiles) character file.

Game seed: 485445306893515338

154 retardedninja the Trooper (level 5, -4/47 HPs)
             Began as a Mountain Dwarf Fighter on Mar 4, 2024.
             Slain by an orc warrior
             ... wielding a +8 flail
              (16 damage)
             ... on level 4 of the Dungeon.
             The game lasted 00:02:22 (1221 turns).

retardedninja the Trooper (Mountain Dwarf Fighter)  Turns: 1221, Time: 00:02:22

Health: -4/47      AC:  7    Str: 26    XL:     5   Next: 13%
Magic:  5/5        EV:  9    Int:  9    God:
Gold:   82         SH:  4    Dex:  9    Spells: 4/4 levels left

rFire   . . .        a - +0 war axe
rCold   . . .        c - +0 buckler
rNeg    . . .        b - +0 scale mail
rPois   .            (no helmet)
rElec   .            (no cloak)
rCorr   .            (no gloves)
SInv    .            (no boots)
Will    .....        (no amulet) Stlth
                     i - +6 ring of strength
HPRegen 0.27/turn    (no ring)
MPRegen 0.09/turn

%: no passive effects
@: mighty, invisible
A: runic magic, artefact enchanting
a: no special abilities


You were on level 4 of the Dungeon.
You visited 1 branch of the dungeon, and saw 4 of its levels.

You collected 82 gold pieces.

Inventory:

Hand Weapons
 a - a +0 war axe (weapon)
Missiles
 l - 2 throwing nets (quivered)
Armour
 b - a +0 scale mail (worn)
 c - a +0 buckler (worn)
Jewellery
 i - a +6 ring of strength (left hand)
Talismans
 k - a serpent talisman
Scrolls
 h - a scroll of fear {unknown}
 n - a scroll of enchant armour {unknown}
 o - a scroll of poison {unknown}
 r - a scroll of identify {unknown}
Potions
 d - 3 potions of might
 e - a potion of lignification {unknown}
 f - a potion of invisibility
 g - a potion of magic {unknown}
 j - a potion of cancellation {unknown}
 m - 2 potions of degeneration {unknown}
 p - 2 potions of ambrosia {unknown}
 q - a potion of heal wounds {unknown}


   Skills:
 * Level 4.4 Fighting
 * Level 4.0 Axes
 + Level 4.1 Armour
 + Level 4.1 Shields


You had 4 spell levels left.
You didn't know any spells.
Your spell library was empty.

Dungeon Overview and Level Annotations

Branches:
Dungeon (4/15)
 Temple: D:4-7

Altars:
Hepliaklqana
Okawaru

Shops:
D:2 :

Annotations:
D:3 3 runed translucent doors, killozap's ghost, weakling MDFE


Innate Abilities, Weirdness & Mutations

Your spellcasting is much less encumbered by armour.
You can use scrolls of enchantment on lesser artefacts.


Message History

There is an iron altar of Okawaru here.
Key pressed, stopping explore.
Key pressed, stopping explore.
Key pressed, stopping explore.
An orc warrior comes into view. It is wielding a +8 flail.
Found a faded altar of an unknown god.
An orc warrior is nearby!
An orc warrior is nearby!
An orc warrior is nearby!
Found a hazy altar of Hepliaklqana.
The orc warrior barely misses you.
You closely miss the orc warrior.
The orc warrior hits you with a +8 flail.
The orc warrior blocks your attack.
The orc warrior hits you with a +8 flail.
The orc warrior hits you with a +8 flail!
You are too injured to fight recklessly!
You are too injured to fight recklessly!
You are too injured to fight recklessly!
You are too injured to fight recklessly!
You are too injured to fight recklessly!
You are too injured to fight recklessly!
You are too injured to fight recklessly!
You are too injured to fight recklessly!
You are too injured to fight recklessly!
You are too injured to fight recklessly!
You are too injured to fight recklessly!
You are too injured to fight recklessly!
You are too injured to fight recklessly!
You are too injured to fight recklessly!
You are too injured to fight recklessly!
You are too injured to fight recklessly!
You are too injured to fight recklessly!
You feel very mighty all of a sudden.
The orc warrior hits you with a +8 flail!
* * * LOW HITPOINT WARNING * * *
It was a potion of invisibility.
You fade into invisibility!
The orc warrior hits you with a +8 flail!
You die...

##§§§§§##'#.## #.#.#
##§§§###.#.# #.#.#
#§§§#.#.#.####.#.#
#§§§#.#.#.#<.....#
#§§§#...#.######.#
#§§§#.#...........
#.§§###.#.######.#
#####§§§#####.........
#...§@§§§...########(#
#.ß..o#..._.# #.#
#...........# #.#
#####...##### #.#
#...# #.# #._.# #.#
#...# #.# #####


You could see an orc warrior (unable to see you).

Vanquished Creatures
  A hound (D:3)
  Jessica (D:2)
  An iguana (D:4)
  4 adders
  A ribbon worm (D:4)
  An orc (D:3)
  3 ball pythons
  7 bats
  An endoplasm (D:3)
  4 goblins
  3 hobgoblins
  A quokka (D:3)
  4 frilled lizards
  3 kobolds
  2 rats (D:2)
37 creatures vanquished.

Notes
Turn   | Place    | Note
-------+----------+-------------------------------------------
     0 | D:1      | retardedninja the Mountain Dwarf Fighter began the quest
                  | for the Orb.
     0 | D:1      | Reached XP level 1. HP: 19/19 MP: 1/1
     9 | D:1      | You fall into a shaft and drop 1 floor!
   127 | D:2      | Reached XP level 2. HP: 26/26 MP: 2/2
   395 | D:2      | Noticed Jessica
   401 | D:2      | Killed Jessica
   402 | D:2      | Reached XP level 3. HP: 33/33 MP: 3/3
   403 | D:2      | Found Mucrozopto's Vocational Training.
   532 | D:3      | Reached XP level 4. HP: 38/40 MP: 4/4
   591 | D:3      | Found a runed translucent gate.
   591 | D:3      | Found a runed translucent gate.
   591 | D:3      | Found a runed translucent gate.
   592 | D:3      | Noticed killozap's ghost (weakling MDFE)
  1055 | D:4      | Reached XP level 5. HP: 20/47 MP: 5/5
  1163 | D:4      | Found an iron altar of Okawaru.
  1214 | D:4      | Found a faded altar of an unknown god.
  1214 | D:4      | Noticed an orc warrior
  1215 | D:4      | Found a hazy altar of Hepliaklqana.
  1221 | D:4      | Slain by an orc warrior

Illustrated notes

Levels and vault maps discovered:
D:1:      scummos_arrival_gate, layout_rooms, serial_shops, shop
D:2:      layout_basic, fountainhead, nicolae_shop_vocational, uniq_jessica
D:3:      layout_loops_cross, ebering_ghost_rock_garden
D:4:      minmay_recursive_quarters, layout_basic, okawaru_gym_becter,
          beargit_hepliaklqana_dungeon_heroes, general_overflow_altar

Skill      XL: |  1  2  3  4 |
---------------+-------------+-----
Axes           | 3 4 |  4.0
Fighting       | 4 |  4.4
Armour         | 4 |  4.1
Shields        | 4 |  4.1

Action                     |  1- 3 |  4- 6 || total
---------------------------+-------+-------++-------
  Melee: War axe           |    71 |    36 ||   107
    Use: Potion            |       |     2 ||     2
 Armour: Scale mail        |    66 |    22 ||    88
  Dodge: Dodged            |    46 |    12 ||    58
  Block: Buckler           |    20 |     8 ||    28

Table legend: (Time is in decaauts)
 A = Elapsed time spent in this place.
 B = Non-inter-level travel time spent in this place.
 C = Inter-level travel time spent in this place.
 D = Time resting spent in this place.
 E = Time spent auto-exploring this place.
 F = Levels seen in this place.
 G = Mean time per level.
                   A        B        C        D        E       F      G
               +--------+--------+--------+--------+--------+-----+--------+
         Total |   1258 |   1196 |     62 |      0 |    901 |   4 |  314.5 |
       Dungeon |   1258 |   1196 |     62 |      0 |    901 |   4 |  314.5 |
               +--------+--------+--------+--------+--------+-----+--------+

Top non-repeatable levels by time:
     D:3: 593 daAuts
     D:2: 439 daAuts
     D:4: 215 daAuts
     D:1: 9 daAuts
